 Dungeon Crawl Stone Soup version 0.21.1-1-g345015fe64 (webtiles) character file.

538 Brecoman the Slasher (level 7, -9/52 HPs)
             Began as a Formicid Abyssal Knight on June 21, 2018.
             Was a Priest of Lugonu.
             Mangled by a gnoll
             ... wielding a +0 halberd
              (16 damage)
             ... on level 4 of the Dungeon.
             The game lasted 00:14:52 (4047 turns).

Brecoman the Slasher (Formicid Abyssal Knight)      Turns: 4047, Time: 00:14:52

Health: -9/52      AC:  4    Str: 18    XL:     7   Next: 51%
Magic:  7/8        EV: 11    Int: 12    God:    Lugonu [***...]
Gold:   134        SH:  0    Dex: 10    Spells: 6/6 levels left

rFire    . . .     SeeInvis +   a - +2 falchion
rCold    . . .     Gourm    .   (no shield)
rNeg     . . .     Faith    .   b - +1 leather armour
rPois    .         Spirit   .   (helmet unavailable)
rElec    .         Reflect  .   (no cloak)
rCorr    .         Harm     .   (no gloves)
MR       .....                  (no boots)
Stlth    +.........             (no amulet)
HPRegen  0.17/turn              (no ring)
MPRegen  0.11/turn              (no ring)

@: no status effects
A: permanent stasis, dig shafts and tunnels, four strong arms, antennae 3
a: Dig, Shaft Self, Depart the Abyss, Bend Space, Banish, Renounce Religion


You were on level 4 of the Dungeon.
You worshipped Lugonu.
Lugonu was most pleased with you.
You were not hungry.

You visited 1 branch of the dungeon, and saw 4 of its levels.
You visited the Abyss 1 time.

You collected 134 gold pieces.

Inventory:

Hand Weapons
 a - a +2 falchion (weapon)
Missiles
 g - 77 stones (quivered)
Armour
 b - a +1 leather armour (worn)
 h - a -1 leather armour
Wands
 i - a wand of digging (13)
Scrolls
 e - a scroll of remove curse
 j - 2 scrolls of teleportation
Potions
 f - 2 potions of curing
 m - a potion of degeneration
Comestibles
 c - 7 rations


   Skills:
 - Level 3.2 Fighting
 + Level 7.7 Long Blades
 - Level 2.1 Armour
 - Level 0.8 Dodging
 - Level 2.1 Invocations


You had 6 spell levels left.
You didn't know any spells.

Dungeon Overview and Level Annotations

Branches:
Dungeon (4/15)
 Temple: D:4-7

Altars:
Fedhas

Annotations:
D:4 Sigmund


Innate Abilities, Weirdness & Mutations

You cannot be hasted, slowed, berserked, paralysed or teleported.
You can dig through walls and to a lower floor.
Your four strong arms can wield two-handed weapons with a shield.
You have a pair of large antennae on your head. (SInv)


Message History

Lugonu accepts your kill.
The gnoll hits you from afar with a spear.
The gnoll barely misses you.
There is a stone staircase leading up, spattered with blood here.
You barely miss the gnoll. The gnoll hits you with a spear!
You hit the gnoll but do no damage. You completely miss the gnoll.
The gnoll barely misses you.
You closely miss the gnoll. The gnoll hits you with a spear!
* * * LOW HITPOINT WARNING * * *
The gnoll misses you.
An adder comes into view.
The adder hisses angrily.
The gnoll hits you from afar with a spear.
* * * LOW HITPOINT WARNING * * *
Space bends around you!
You blink.
Sigmund casts a spell.
Sigmund flickers and vanishes for a moment.
Found a dagger.
The gnoll hits you from afar with a halberd!
You die...

..# ...... ..
...... #..
#.)...o... #..
#..... ...# ...
#...# ...
#.###...###.. ..
#.....# #..
..####.@..# #.#
.......g.@####.#
#......Sgg.o<).#
#.#........#####
# #........#
#.#........###
#............#
#..###.....#.#
.. #.###....#


You could see Sigmund (invisible), 3 gnolls, an adder and an orc.

Vanquished Creatures
  Grinder (D:3)
  An ogre (D:3)
  Natasha (thrice) (D:3)
  2 worker ants (D:3)
  2 gnolls
  3 adders
  An ooze (D:3)
  A worm (D:2)
  2 dart slugs (D:1)
  A leopard gecko (D:1)
  An orc (D:3)
  4 giant cockroaches
  5 goblins
  9 hobgoblins
  7 kobolds
  A quokka (D:3)
  6 bats
  5 frilled lizards
  29 rats
84 creatures vanquished.

Notes
Turn   | Place    | Note
-------+----------+-------------------------------------------
     0 | Abyss:1  | Brecoman the Formicid Abyssal Knight began the quest for the Orb.
     0 | Abyss:1  | Reached XP level 1. HP: 18/18 MP: 2/2
    13 | D:1      | Escaped the Abyss
   130 | D:1      | Reached XP level 2. HP: 8/24 MP: 3/3
   253 | D:1      | Reached skill level 3 in Long Blades
   675 | D:1      | Reached XP level 3. HP: 26/29 MP: 4/4
  1550 | D:2      | Reached ** piety under Lugonu
  1550 | D:2      | Reached skill level 4 in Long Blades
  1550 | D:2      | Reached XP level 4. HP: 35/35 MP: 5/5
  2444 | D:3      | Noticed Natasha
  2454 | D:3      | Killed Natasha
  2454 | D:3      | Reached skill level 5 in Long Blades
  2454 | D:3      | Reached XP level 5. HP: 16/41 MP: 6/6
  2737 | D:3      | Noticed Natasha
  2741 | D:3      | Killed Natasha
  2753 | D:3      | Noticed Natasha
  2757 | D:3      | Killed Natasha
  2757 | D:3      | Reached XP level 6. HP: 24/47 MP: 7/7
  3035 | D:3      | Noticed Grinder
  3172 | D:3      | Found a blossoming altar of Fedhas.
  3371 | D:3      | Reached *** piety under Lugonu
  3375 | D:3      | Reached skill level 6 in Long Blades
  3455 | D:3      | Killed Grinder
  3455 | D:3      | Reached skill level 7 in Long Blades
  3455 | D:3      | Reached XP level 7. HP: 51/52 MP: 8/8
  4020 | D:4      | Noticed Sigmund
  4047 | D:4      | Mangled by a gnoll

Skill      XL: |  1  2  3  4  5  6 |
---------------+-------------------+-----
Long Blades    | 3 4 5 7 |  7.7
Fighting       | |  3.2
Armour         | |  2.1
Dodging        | |  0.8
Invocations    | |  2.1

Action                   |  1- 3 |  4- 6 |  7- 9 || total
-------------------------+-------+-------+-------++-------
Melee: Falchion          |    82 |   127 |    21 ||   230
Throw: Stone             |     5 |       |       ||     5
Invok: Bend Space        |       |     1 |     2 ||     3
 Abil: Dig               |       |       |     2 ||     2
  Use: Scroll            |       |     8 |       ||     8
       Potion            |       |     6 |       ||     6
  Eat: Chunk             |     2 |     6 |     2 ||    10
Armor: Leather armour    |    17 |    43 |     7 ||    67
Dodge: Dodged            |    67 |    81 |    18 ||   166
       Rpst.: Falchion   |    18 |    26 |     6 ||    50
